 Dungeon Crawl Stone Soup version 0.31.0-1-g2c135a008e (webtiles) character file.

Game seed: 14460531362156488164

87 qw the Shooter (level 4, -2/35 HPs)
             Began as a Djinni Hunter on Jan 24, 2024.
             Killed by divine providence
             ... invoked by an orc priest
              (12 damage)
             ... on level 2 of the Dungeon.
             The game lasted 00:00:06 (1384 turns).

qw the Shooter (Djinni Hunter)                      Turns: 1384, Time: 00:00:06

Health: -2/35      AC:  3    Str: 10    XL:     4   Next: 80%
Gold:   135        EV: 10    Int: 10    God:
                   SH:  0    Dex: 19

rFire   + + .        a - +1 shortbow
rCold   x . .        (shield currently unavailable)
rNeg    . . .        c - +0 leather armour
rPois   inf          (no helmet)
rElec   .            (no cloak)
rCorr   .            (no gloves)
SInv    .            (boots unavailable)
Will    .....        (no amulet)
Stlth   ++           (no ring)
HPRegen 0.25/turn    (no ring)
MPRegen 0.00/turn

%: infuse magic (-3 HP)
@: flying, constricted
A: sickness immunity, fire resistance 2, cold vulnerability 1, float, innate
caster, HP casting, extra vitality 1
a: no special abilities


You were on level 2 of the Dungeon.
You visited 1 branch of the dungeon, and saw 3 of its levels.

You collected 135 gold pieces.


Innate Abilities, Weirdness & Mutations

You are immune to sickness and miasma.
You are immune to poison.
Your flesh is very heat resistant. (rF++)
You are vulnerable to cold. (rC-)
You float through the air rather than walking.
You learn spells naturally, not from books.
Your magical power is your life essence.
You have superior vitality. (+4 MHP)


   Skills:
 - Level 3.1 Fighting
 + Level 4.0 Ranged Weapons
 - Level 3.1 Dodging
 - Level 0.7 Stealth


You knew the following spells:

 Your Spells              Type           Power      Damage    Failure   Level
a - Slow                  Hex            0%         N/A       45%         1
Your spell library was empty.

Inventory:

Hand Weapons
 a - a +1 shortbow (weapon)
Armour
 c - a +0 leather armour (worn)
Jewellery
 h - a ring of protection from cold
Scrolls
 f - a scroll of fog {unknown}
 i - a scroll of identify {unknown}
 j - a scroll of torment {unknown}
Potions
 d - a potion of curing {unknown}
 e - a potion of haste {unknown}

Dungeon Overview and Level Annotations

Branches:
Dungeon (3/15)

Altars:

Shops:
D:1 [


Message History

Something hits you but does no damage. The orc priest barely misses you.
The giant cockroach bites you.
You shoot an arrow. The arrow hits the orc priest.
The orc priest is almost dead.
Something hits you. The orc priest barely misses you.
The giant cockroach misses you.
You shoot an arrow. The arrow hits the orc priest.
The orc priest is almost dead.
You hear some strange, mumbled words.
A puff of flame appears from out of thin air!
The puff of flame hits you. You resist. The giant cockroach misses you.
The orc priest hits you with a +0 dagger.
You shoot an arrow. The arrow hits the orc priest!
You kill the orc priest!
The giant cockroach misses you. Something hits you.
The orc priest invokes the aid of Beogh against you.
Pain shoots through your body!
The giant cockroach bites you but does no damage.
Something hits you.
The ball python bites you but does no damage.
The ball python grabs you. The ball python constricts you.
Your Dodging skill increases to level 3!
You shoot an arrow.
The arrow barely misses the ball python.
The arrow hits the orc priest!
The orc priest is heavily wounded.
The giant cockroach completely misses you.
The ball python barely misses you. The ball python constricts you.
You hear some strange, mumbled words.
You are confused.
The giant cockroach barely misses you.
1384 ||| DRINKING silvery potion.
It was a potion of cancellation.
Your magical effects are unravelling.
You feel magically purged.
You feel less confused.
The ball python bites you but does no damage.
The ball python constricts you. Something hits you but does no damage.
The orc priest calls down the wrath of Beogh upon you.
Beogh smites you!
You die...

## # ### ## #.. .# #########
# .!#.#.# ........###
..####.o.#.#.........##.
......{SB#.#........%...
#@................
..#####................)
#..?....................
#######..)....########..
##.#.#..# #..
############....#... #..
.........##............####..
.........#...............>...
......................####.#.


You could see an orc priest, a giant cockroach and a ball python.

Vanquished Creatures
  An orc priest (D:2)
  An adder (D:2)
  2 dart slugs
  A ribbon worm (D:2)
  8 bats
  3 endoplasms
  5 giant cockroaches (D:1)
  2 goblins (D:1)
  3 hobgoblins
  3 kobolds
  A quokka (D:3)
  5 ball pythons
  4 frilled lizards
  A rat (D:1)
40 creatures vanquished.

Notes
Turn   | Place    | Note
-------+----------+-------------------------------------------
     0 | D:1      | qw the Djinni Hunter began the quest for the Orb.
     0 | D:1      | Reached XP level 1. HP: 18/18 MP: 0/0
     0 | D:1      | 0 ||| qw: Version: 0.3-a-136-gdd3b4e8
     0 | D:1      | 0 ||| qw: Game counter: 1345
     0 | D:1      | 0 ||| qw: Melee chars always use a shield: true
     0 | D:1      | 0 ||| qw: God list: Okawaru
     0 | D:1      | 0 ||| qw: Allow faded altars: false
     0 | D:1      | 0 ||| qw: Do Orc after clearing Dungeon:15 true
     0 | D:1      | 0 ||| qw: Do second Lair branch before Depths: true
     0 | D:1      | 0 ||| qw: Lair rune preference: random
     0 | D:1      | 0 ||| qw: Goals: Normal
     0 | D:1      | 0 ||| PLANNING D:1-11
   288 | D:1      | Reached XP level 2. HP: 23/23 MP: 0/0
   579 | D:1      | Found Nicsunapt's Armour Shop.
   587 | D:1      | 587 ||| SHOPLISTING +0 helmet (49 gold, have 0).
   587 | D:1      | 587 ||| SHOPLISTING +0 ring mail (44 gold, have 0).
   587 | D:1      | 587 ||| SHOPLISTING +1 ring mail of willpower (176 gold,
                  | have 0).
   587 | D:1      | 587 ||| SHOPLISTING +2 ring mail of cold resistance (231
                  | gold, have 0).
   776 | D:1      | Reached skill level 4 in Ranged Weapons
   776 | D:1      | Reached XP level 3. HP: 21/28 MP: 0/0
   776 | D:1      | Learned a level 1 spell: Slow
   908 | D:1      | 908 ||| READING scroll labelled ROGEIN DUSMI.
   909 | D:1      | 909 ||| READING scroll labelled NIFUTYZXIGG.
   909 | D:1      | 909 ||| ENCHANTING +0 shortbow.
   910 | D:1      | 910 ||| DROPPING scroll of butterflies.
   918 | D:2      | You are sucked into a shaft and drop 1 floor!
  1065 | D:3      | 1065 ||| DRINKING 2 fuming sapphire potions.
  1202 | D:2      | Reached skill level 3 in Fighting
  1202 | D:2      | Reached XP level 4. HP: 16/35 MP: 0/0
  1378 | D:2      | HP: 6/35 [orc priest/divine providence (8)]
  1379 | D:2      | 1379 ||| DRINKING potion of heal wounds.
  1383 | D:2      | Reached skill level 3 in Dodging
  1384 | D:2      | 1384 ||| DRINKING silvery potion.
  1384 | D:2      | Killed from afar by an orc priest

Levels and vault maps discovered:
D:1:      wander_arrival_estate, layout_loops_corners, serial_shops,
          nicolae_shop_temple_entry_statues_fountains
D:2:      layout_rooms
D:3:      kennysheep_six_static_rooms, layout_basic,
          mainiacjoe_overflow_catwalk, uniq_terence, uniq_grinder

Skill      XL: |  1  2  3  4 |
---------------+-------------+-----
Ranged Weapons | 4 |  4.0
Fighting       | 3 |  3.1
Dodging        | 3 |  3.1
Stealth        | |  0.7

Action                     |  1- 3 |  4- 6 || total
---------------------------+-------+-------++-------
   Fire: Shortbow          |   117 |    23 ||   140
    Use: Scroll            |     2 |       ||     2
         Potion            |     1 |     2 ||     3
 Armour: Leather armour    |    41 |    19 ||    60
  Dodge: Dodged            |    35 |    10 ||    45

Table legend:
 A = Non-vault XP
 B = Vault XP
 C = Vault XP percentage of total XP
 D = Non-vault monster count
 E = Vault monster count
 F = Vault count percentage of total count
                 A         B        C        D         E       F
            +---------+---------+-------+---------+---------+-------
      Total |     125 |       0 |   0.0 |      40 |       0 |   0.0
            +---------+---------+-------+---------+---------+-------
        D:1 |      34 |       0 |   0.0 |      21 |       0 |   0.0
        D:2 |      79 |       0 |   0.0 |      14 |       0 |   0.0
        D:3 |      12 |       0 |   0.0 |       5 |       0 |   0.0
            +---------+---------+-------+---------+---------+-------
